 Dungeon Crawl Stone Soup version 0.26-a0-651-gb41185065b (webtiles) character file.

Game seed: 6373130110700954887

7035 grandjackal the Sage (level 10, -3/82 HPs)
             Began as a Demonspawn Hedge Wizard on Sept 29, 2020.
             Was a High Priest of Sif Muna.
             Slain by a catoblepas (11 damage)
             ... while petrified by you
             ... on level 10 of the Dungeon.
             The game lasted 00:38:29 (19053 turns).

grandjackal the Sage (Demonspawn Hedge Wizard)     Turns: 19053, Time: 00:38:29

Health: -3/82      AC: 11    Str: 11    XL:     10   Next: 83%
Magic:  17/17      EV:  2    Int: 19    God:    Sif Muna [*****.]
Gold:   675        SH:  0    Dex: 12    Spells: 0/15 levels left

rFire    + . .     SeeInvis +   u - +8 lance "Wyrmbane" {slay drac, rPois rF+ rC+ AC+3}
rCold    + . .     Faith    +   (no shield)
rNeg     + + +     Spirit   .   b - +0 robe
rPois    ∞         Reflect  .   (helmet unavailable)
rElec    .         Harm     .   M - +2 cloak {MR+}
rCorr    .         Rampage  .   (no gloves)
MR       +....                  (no boots)
Stlth    ++........             q - amulet of faith
HPRegen  0.23/turn              (no ring)
MPRegen  0.15/turn              (no ring)

@: about to teleport, petrified
A: antennae 3, yellow scales 2, demonic guardian 1, rot immunity
a: Channel Magic, Forget Spell, Divine Exegesis, Renounce Religion


You were on level 10 of the Dungeon.
You worshipped Sif Muna.
Sif Muna was extremely pleased with you.
You visited 2 branches of the dungeon, and saw 11 of its levels.
You also visited: Ossuary.

You collected 675 gold pieces.

Inventory:

Hand Weapons
 u - the +8 lance "Wyrmbane" (weapon) {slay drac, rPois rF+ rC+ AC+3}
   (You found it on level 8 of the Dungeon)

   It affects your AC (+3).
   It protects you from fire.
   It protects you from cold.
   It protects you from poison.
Missiles
 a - 7 curare-tipped darts (quivered)
Armour
 b - a +0 robe (worn)
 M - a +2 cloak of magic resistance (worn)
Magical Staves
 v - an uncursed staff of cold {unknown}
Jewellery
 o - a cursed amulet of magic regeneration {unknown}
 q - an amulet of faith (around neck)
 H - an uncursed amulet of guardian spirit {unknown}
 J - an uncursed ring of resist corrosion {unknown}
 N - an uncursed amulet of guardian spirit {unknown}
Wands
 c - a wand of iceblast (12)
 f - a wand of acid (16)
 D - a wand of enslavement (9)
 F - a wand of paralysis (8)
 L - a wand of flame (15)
Scrolls
 d - 2 scrolls of teleportation
 h - 4 scrolls of fog
 j - 2 scrolls of enchant weapon
 l - 7 scrolls of remove curse
 m - 2 scrolls of brand weapon {unknown}
 n - a scroll of fear
 w - a scroll of enchant armour {unknown}
 y - a scroll of acquirement {unknown}
 B - a scroll of silence {unknown}
 E - a scroll of summoning {unknown}
 G - a scroll of amnesia {unknown}
 I - a scroll of blinking {unknown}
 K - a scroll of magic mapping {unknown}
Potions
 e - 2 potions of curing
 g - 2 potions of haste
 i - 3 potions of berserk rage
 k - 2 potions of mutation
 p - 2 potions of flight
 r - 3 potions of magic
 s - a potion of stabbing {unknown}
 t - 3 potions of heal wounds
 z - 2 potions of brilliance {unknown}
 A - 2 potions of lignification {unknown}
 C - a potion of cancellation {unknown}
 O - a potion of might {unknown}
Miscellaneous
 x - a lightning rod (4/4)


   Skills:
 + Level 8.6 Fighting
 - Level 1.7 Dodging
 - Level 1.7 Stealth
 - Level 3.0 Spellcasting
 - Level 7.1 Conjurations
 - Level 4.0 Summonings
 - Level 4.2 Translocations
 + Level 4.1 Fire Magic
 + Level 5.7 Poison Magic
 + Level 10.0 Invocations


You couldn't memorise any spells.
You knew the following spells:

 Your Spells              Type           Power        Failure   Level
a - Magic Dart            Conj           ####         1%          1
b - Call Imp              Summ           ###.....     4%          2
c - Blink                 Tloc           N/A          4%          2
d - Conjure Flame         Conj/Fire      ###.....     4%          3
e - Mephitic Cloud        Conj/Pois/Air  ###.....     8%          3
f - Olgreb's Toxic Radia  Pois           ###.....     14%         4

Your spell library contained the following spells:

 Spells                   Type           Power        Failure   Level
 Searing Ray              Conj           ####..       1%          2
 Apportation              Tloc           ###...       2%          1
 Sting                    Tmut/Pois      ##..         4%          1
 Poisonous Vapours        Pois/Air       ##....       7%          2
 Gell's Gravitas          Tloc           ###.......   9%          3
 Teleport Other           Tloc           ###.....     9%          3
 Dazzling Flash           Conj/Hex       ###...       11%         3
 Ignite Poison            Fire/Tmut/Pois ###.....     12%         3
 Iskenderun's Mystic Bla  Conj/Tloc      ###.....     14%         4
 Slow                     Hex            #.......     22%         2
 Passage of Golubria      Tloc           N/A          26%         4
 Fulminant Prism          Conj/Hex       ###.......   34%         4
 Metabolic Englaciation   Hex/Ice        #.........   99%         5
 Malign Gateway           Summ/Tloc      ###.......   100%        7


Dungeon Overview and Level Annotations

Branches:
Dungeon (10/15)            Temple (1/1) D:4            Lair (0/6) D:8
Ossuary (visited)
    Orc: D:9-12

Altars:
Dithmenos
Gozag
Hepliaklqana
Kikubaaqudgha
Makhleb
Okawaru
Qazlal
Sif Muna
Trog
Uskayaw
Wu Jian
Xom
Yredelemnul
Zin
The Shining One

Annotations:
D:5 2 runed translucent doors
D:9 2 transporters, flotson's ghost, journeyman GnWn


Innate Abilities, Weirdness & Mutations

You have a pair of large antennae on your head. (SInv)
You are mostly covered in yellow scales. (AC +3)
A weak demonic guardian rushes to your aid.
You are immune to rotting.


Message History

Your shadow imp hits the catoblepas.
The catoblepas breathes a plume of calcifying dust at you.
The blast of calcifying dust hits you but does no damage.
Unknown command.
You hit the catoblepas.
The catoblepas is lightly wounded.
You are engulfed in calcifying dust.
You are slowing down.
Your shadow imp hits the catoblepas but does no damage.
The catoblepas gores you!!
Unknown command.
Your shadow imp hits the catoblepas but does no damage.
Your limbs are stiffening.
As you read the scroll of teleportation, it crumbles to dust.
You feel strangely unstable. The catoblepas gores you!!
Your shadow imp hits the catoblepas.
The catoblepas gores you!!
* * * LOW HITPOINT WARNING * * *
You have turned to stone.
Your shadow imp hits the catoblepas.
The catoblepas gores you!!
You die...

#.##............#
#.#####.........# {
#.#####........#
#.......#.....##
###########...##
..### #.(.#
...#####...####
..#.##.#...........#
{
.......5Y@..........
..#..l.#...........#
.......#####...#####
?...... #...#
.##...# #...# #...
#...# ..(. ....
##.## #.#


You could see a catoblepas, a wyvern (petrified) and a friendly shadow imp
(summoned).

Vanquished Creatures
  Erica (D:8)
  Pikel (D:7)
  An ugly thing (D:9)
  A centaur zombie (D:10)
  Maurice (D:8)
  Joseph (D:7)
  A hippogriff (D:8)
  Sigmund (D:6)
  2 wyverns (D:8)
  A warg (D:8)
  3 orc warriors
  A black bear (D:8)
  An ice beast (D:6)
  A necrophage (D:8)
  A phantom (D:5)
  3 ogres
  5 centaurs
  6 bullfrogs
  A wyvern zombie (D:10)
  3 water moccasin zombies (Ossuary)
  A scorpion (D:5)
  2 killer bees (D:7)
  5 wights (D:7)
  2 howler monkeys
  A bullfrog zombie (D:5)
  3 jellies
  3 hounds
  A quasit (D:5)
  2 centaur skeletons
  6 orc priests
  4 orc wizards
  A bullfrog skeleton (D:7)
  4 iguanas (D:7)
  5 worker ants
  A big kobold zombie (Ossuary)
  A hound zombie (D:9)
  2 mummies (Ossuary)
  A worker ant zombie (D:7)
  16 adders
  7 gnolls
  A shadow imp (D:10)
  6 white imps
  An ufetubus (D:9)
  An ooze (D:1)
  An adder skeleton (D:7)
  7 adder zombies (Ossuary)
  3 worms
  4 dart slugs
  4 leopard geckos
  27 orcs
  2 ball pythons
  8 giant cockroaches
  2 gnoll zombies (D:7)
  6 goblins
  8 hobgoblins
  11 jackals
  3 quokkas (D:5)
  6 bats
  6 frilled lizards
  A giant cockroach zombie (D:3)
  6 hobgoblin zombies (Ossuary)
  4 kobolds
  5 kobold zombies (Ossuary)
  A leopard gecko skeleton (D:5)
  3 orc zombies (Ossuary)
  4 rats
235 creatures vanquished.

Vanquished Creatures (collateral kills)
  Prince Ribbit (D:8)
  A hippogriff (D:8)
  A warg (D:8)
  A killer bee (D:7)
  2 orc priests
  A worker ant (D:4)
  An orc wizard (D:4)
  5 orcs
  A jackal (D:8)
  A quokka (D:7)
15 creatures vanquished.

Vanquished Creatures (others)
  A warg (D:8)
  An adder zombie (Ossuary)
  An orc zombie (Ossuary)
  7 fungi (D:6)
  4 toadstools (D:6)
14 creatures vanquished.

Grand Total: 264 creatures vanquished

Notes
Turn   | Place    | Note
-------+----------+-------------------------------------------
     0 | D:1      | grandjackal the Demonspawn Hedge Wizard began the quest for
                  | the Orb.
     0 | D:1      | Reached XP level 1. HP: 13/13 MP: 4/4
   510 | D:1      | Reached skill level 1 in Fighting
   548 | D:1      | Gained mutation: You have a pair of small antennae on your
                  | head. [demonic ancestry]
   548 | D:1      | Reached XP level 2. HP: 9/21 MP: 0/6
   775 | D:1      | Learned a level 2 spell: Call Imp
   778 | D:1      | Learned a level 2 spell: Blink
  1475 | D:1      | Reached XP level 3. HP: 22/26 MP: 7/7
  1920 | D:1      | Learned a level 3 spell: Conjure Flame
  2768 | D:2      | Gained mutation: You are partially covered in yellow
                  | scales. (AC +2) [demonic ancestry]
  2768 | D:2      | Reached XP level 4. HP: 33/33 MP: 1/8
  2963 | D:2      | Found an ornate altar of the Wu Jian Council.
  3282 | D:2      | Found an iron altar of Okawaru.
  4191 | D:3      | Gained mutation: You are mostly covered in yellow scales.
                  | (AC +3) [demonic ancestry]
  4191 | D:3      | Reached XP level 5. HP: 18/39 MP: 3/9
  4512 | D:3      | Found a faded altar of an unknown god.
  5333 | D:3      | Found a shadowy altar of Dithmenos.
  5965 | D:4      | Gained mutation: You are immune to rotting. [demonic
                  | ancestry]
  5965 | D:4      | Reached XP level 6. HP: 36/47 MP: 5/10
  6462 | D:4      | Learned a level 3 spell: Mephitic Cloud
  6595 | D:4      | Found a staircase to the Ecumenical Temple.
  6610 | Temple   | Entered the Ecumenical Temple
  6626 | Temple   | Became a worshipper of Sif Muna the Loreminder
  6904 | D:5      | Entered Level 5 of the Dungeon
  7117 | D:5      | Found a sand-covered staircase.
  7138 | Ossuary  | Entered an ossuary
  7193 | Ossuary  | Reached skill level 1 in Invocations
  7281 | Ossuary  | Reached * piety under Sif Muna
  7633 | Ossuary  | Reached skill level 2 in Invocations
  7823 | Ossuary  | Reached XP level 7. HP: 15/54 MP: 7/11
  8133 | Ossuary  | Reached skill level 1 in Translocations
  8496 | D:5      | Found a large runed translucent door.
  8496 | D:5      | Found a large runed translucent door.
  8499 | D:5      | Found a large runed translucent door.
  8499 | D:5      | Found a large runed translucent door.
  8789 | D:5      | Reached skill level 3 in Invocations
  8845 | D:5      | Reached ** piety under Sif Muna
  9429 | D:5      | Found a hazy altar of Hepliaklqana.
  9580 | D:5      | Reached skill level 5 in Conjurations
  9580 | D:5      | Reached skill level 4 in Invocations
  9774 | D:5      | Gained mutation: You have a pair of antennae on your head.
                  | [demonic ancestry]
  9774 | D:5      | Reached XP level 8. HP: 61/61 MP: 0/12
  9958 | D:5      | Reached skill level 5 in Fighting
 10829 | D:6      | Reached skill level 5 in Invocations
 11596 | D:6      | Noticed Sigmund
 11615 | D:6      | Killed Sigmund
 12351 | D:6      | Reached skill level 6 in Invocations
 12873 | D:7      | Gained mutation: A weak demonic guardian rushes to your
                  | aid. [demonic ancestry]
 12873 | D:7      | Reached XP level 9. HP: 37/69 MP: 11/13
 13554 | D:7      | Reached *** piety under Sif Muna
 14102 | D:7      | Reached skill level 1 in Poison Magic
 14250 | D:7      | Reached skill level 7 in Invocations
 14455 | D:7      | Noticed Joseph
 14484 | D:7      | Killed Joseph
 14849 | D:7      | Noticed Pikel
 14912 | D:7      | Killed Pikel
 15282 | D:7      | Found a basalt altar of Yredelemnul.
 15793 | D:8      | Reached skill level 8 in Invocations
 15844 | D:8      | Found a bloodstained altar of Trog.
 15913 | D:8      | Reached skill level 1 in Fire Magic
 15944 | D:8      | Reached **** piety under Sif Muna
 16262 | D:8      | Gained mutation: You have a pair of large antennae on your
                  | head. (SInv) [demonic ancestry]
 16262 | D:8      | Reached XP level 10. HP: 54/79 MP: 11/16
 16377 | D:8      | Noticed Prince Ribbit
 16387 | D:8      | Learned a level 4 spell: Olgreb's Toxic Radiance
 16395 | D:8      | Killed Prince Ribbit
 16639 | D:8      | Found the +8 lance "Wyrmbane" {slay drac, rPois rF+ rC+
                  | AC+3}
 16673 | D:8      | HP: 3/79 [orc wizard/+3 dagger (5)]
 16938 | D:8      | Found a staircase to the Lair.
 17572 | D:8      | Noticed Erica
 17595 | D:8      | Killed Erica
 17595 | D:8      | Reached skill level 9 in Invocations
 17892 | D:8      | Found a glowing silver altar of Zin.
 18048 | D:8      | Noticed Maurice
 18067 | D:8      | Killed Maurice
 18067 | D:8      | Reached skill level 5 in Poison Magic
 18102 | D:8      | Found a glowing golden altar of the Shining One.
 18327 | D:9      | Noticed a purple ugly thing
 18345 | D:9      | Killed a purple ugly thing
 18438 | D:9      | Noticed flotson's ghost (journeyman GnWn)
 18438 | D:9      | Identified the cursed +1 great mace "Gaiprie" {vorpal, rN+
                  | Stlth+}
 18438 | D:9      | Identified the cursed +3 great mace "Juraurr" {flame,
                  | Str+4}
 18438 | D:9      | Noticed a two-headed ogre
 18439 | D:9      | Found a transporter.
 18439 | D:9      | Noticed a two-headed ogre
 18441 | D:9      | Noticed a two-headed ogre
 18443 | D:9      | Found a transporter.
 18923 | D:10     | Entered Level 10 of the Dungeon
 19031 | D:10     | Reached ***** piety under Sif Muna
 19031 | D:10     | Identified Sif Muna's Volume of the Displaced Glacier (Sif
                  | Muna gifted it to you on level 10 of the Dungeon)
 19031 | D:10     | Received a gift from Sif Muna
 19035 | D:10     | Reached skill level 10 in Invocations
 19041 | D:10     | Noticed a catoblepas
 19053 | D:10     | Slain by a catoblepas

Illustrated notes

Levels and vault maps discovered:
D:1:      dpeg_arrival_snail, layout_loops_ring
D:2:      layout_basic, lemuel_round_altar, lemuel_doored_altar, st_stairs_12,
          grunt_ministairs_11, minmay_tiny_reverse_x
D:3:      layout_loops_ring, nicolae_overflow_hidden_temple,
          lemuel_crystal_altar, chequers_ecumenical_altar_twisty
D:4:      layout_basic, minmay_temple_entry_water_ring
D:5:      layout_loops_corners, overflow_temple_1_default,
          chequers_ossuary_entry_cave, minmay_hollow_rounded_squares
D:6:      layout_layer_cave, minmay_gold_behind_fungi, dk_noncrumbling_3,
          chequers_serial_rivers_micro_d, uniq_sigmund
D:7:      nicolae_whirlpool, layout_loops_cross,
          lemuel_zombie_altar_yredelemnul, uniq_joseph, uniq_pikel
D:8:      layout_rooms, lemuel_coloured_pillars_altar, kennysheep_mini_moat,
          nicolae_overflow_crystal_walls, erik_lair_orcish_takeover,
          lightli_minifort, uniq_maurice, uniq_prince_ribbit1, uniq_erica
D:9:      layout_loops_ring, gammafunk_ghost_smash
D:10:     layout_loops_cross, uniq_fannar
Temple:   dshaligram_water_room_temple

Skill      XL: |  1  2  3  4  5  6  7  8  9 10 |
---------------+-------------------------------+-----
Fighting       | 1 2 3 4 6 7 8 |  8.6
Conjurations   | 2 3 4 5 6 7 |  7.1
Summonings     | 2 3 4 |  4.0
Invocations    | 2 4 6 8 10 | 10.0
Translocations | 2 4 |  4.2
Poison Magic   | 3 5 |  5.7
Fire Magic     | 1 4 |  4.1
Dodging        | |  1.7
Stealth        | |  1.7
Spellcasting   | |  3.0

Action                   |  1- 3 |  4- 6 |  7- 9 | 10-12 || total
-------------------------+-------+-------+-------+-------++-------
Melee: Dagger            |    51 |       |       |       ||    51
       Spear             |    77 |   380 |   482 |    18 ||   957
       Lance             |       |       |       |   123 ||   123
Throw: Dart              |       |       |       |     3 ||     3
 Cast: Magic Dart        |    58 |    74 |   220 |     9 ||   361
       Call Imp          |     1 |     8 |    13 |     2 ||    24
       Conjure Flame     |       |    13 |    48 |     8 ||    69
       Blink             |       |     3 |       |       ||     3
       Mephitic Cloud    |       |       |     6 |     1 ||     7
       Olgreb's Toxic Ra |       |       |       |    14 ||    14
Evoke: Lightning rod     |       |       |     3 |     2 ||     5
       Wand              |       |       |     1 |     6 ||     7
  Use: Scroll            |       |     7 |     5 |     2 ||    14
       Potion            |       |     3 |       |     2 ||     5
 Stab: Sleeping          |     2 |     5 |     3 |       ||    10
       Paralysed         |       |       |     9 |     9 ||    18
       Confused          |       |       |     3 |     1 ||     4
       Distracted        |       |       |     2 |     3 ||     5
Armor: Robe              |    37 |    77 |    90 |    34 ||   238
Dodge: Dodged            |    81 |   163 |   231 |    75 ||   550

Table legend: (Time is in decaauts)
 A = Elapsed time spent in this place.
 B = Non-inter-level travel time spent in this place.
 C = Inter-level travel time spent in this place.
 D = Time resting spent in this place.
 E = Time spent auto-exploring this place.
 F = Levels seen in this place.
 G = Mean time per level.
                   A        B        C        D        E       F      G
               +--------+--------+--------+--------+--------+-----+--------+
         Total |  19170 |  18756 |    414 |   8988 |   6103 |  12 | 1597.5 |
       Dungeon |  18008 |  17610 |    398 |   8261 |   6103 |  10 | 1800.8 |
        Temple |     32 |     16 |     16 |      0 |      0 |   1 |   32.0 |
       Ossuary |   1130 |   1130 |      0 |    726 |      0 |   1 | 1130.0 |
               +--------+--------+--------+--------+--------+-----+--------+

Top non-repeatable levels by time:
     D:7: 2929 daAuts
     D:8: 2509 daAuts
     D:5: 2506 daAuts
     D:1: 2405 daAuts
     D:6: 2203 daAuts
     D:2: 1696 daAuts
     D:3: 1595 daAuts
     D:4: 1322 daAuts
 Ossuary: 1130 daAuts
     D:9: 705 daAuts
    D:10: 133 daAuts
  Temple: 32 daAuts
